[Event "Blixt-SM 2025"]
[Site "Norrköping, Sweden"]
[Date "2025.09.26"]
[Round "6.1"]
[White "Seo, Jung Min"]
[Black "Tadjerbashi, Amir"]
[Result "1-0"]
[TimeControl "3 min + 2 sec/move"]
[WhiteTitle "IM"]
[WhiteElo "2480"]
[BlackElo "2235"]

1. d4 d5 2. Nf3 Nf6 3. e3 c6 4. Bd3 Bg4 5. h3 Bh5 6. c4 e6 7. Nbd2 Nbd7 8. O-O Bd6 9. b3 O-O 10. Bb2 Qe7 11. Qc2 e5 12. cxd5 cxd5 13. dxe5 Nxe5 14.
Bxe5 Bxe5 15. Nxe5 Qxe5 16. Rac1 Rfd8 17. Qc7 Qxc7 18. Rxc7 Rab8 19. Rfc1 a6 20. g4 Bg6 21. Bxg6 hxg6 22. Nf3 Rd7 23. Ne5 Rxc7 24. Rxc7 d4 25. exd4 Rd8 26. Nxf7 Rxd4 27. Ne5 b5 28. Kg2 Rd2 29. Rc8+ Kh7 30. Nf3 Rd5 31.
h4 g5 32. Nxg5+ Kg6 33. Kg3 Rd4 34. f3 Rd6 35. Nh3 Kf7 36.
Nf4 Rd2 37. Rc7+ Kg8 38. g5 Ne8 39. Ra7 Rxa2 40. h5 Ra1 41. Ng6 a5 42. Kf4 a4 43. b4 a3 44. h6 gxh6 45. gxh6 Rh1 46. Rxa3 Rxh6 47. Kg5 Rh1 48. Ne5 Rg1+ 49. Ng4 Kf7 50.
Ra7+ Ke6 51. Rb7 Nd6 52. Rb6 Rb1 53. f4 Rxb4 54. f5+ Ke7 55. f6+ Kd7 56. Ne5+ Ke6 57. f7 Ke7 58. Rxd6 Re4 59. Rd5 b4 60. Kf5 Re1 61. Rd7+ Kf8 62. Rd8+ 1-0

[Event "Blixt-SM 2025"]
[Site "Norrköping, Sweden"]
[Date "2025.09.26"]
[Round "7.7"]
[White "Nygren, Kim"]
[Black "Tornberg, Carlos"]
[Result "1-0"]
[TimeControl "3 min + 2 sec/move"]
[WhiteTitle "CM"]
[WhiteElo "2173"]
[BlackElo "2053"]

1. d4 e6 2. e4 d5 3.
Nc3 Nf6 4. Bg5 Bb4 5. e5 h6 6. Be3 Ne4 7. Nge2 c5 8. a3 cxd4 9. Bxd4 Ba5 10.
f3 Nxc3 11. Nxc3 Nc6 12. Bb5 O-O 13. Bxc6 bxc6 14. b4 Bb6 15. O-O Ba6 16. Rf2 Rc8 17. Na4 Qc7 18. Qd2 Bc4 19. Re1 Rfd8 20. g4 Qb7 21. Nc5 Bxc5 22.
Bxc5 Qb5 23. g5 h5 24. g6 fxg6 25. Rg2 Qb7 26. Rxg6 Qf7 27. Qg5 a5 28. Rf6 Qe8 29. f4 Rd7 30. Re3 Rf7 31. Rh3 axb4 32. axb4 Ra8 33.
Rxh5 Rxf6 34. exf6 Ra1+ 35. Kg2 Rc1 36. Qxg7# 1-0

[Event "Blixt-SM 2025"]
[Site "Norrköping, Sweden"]
[Date "2025.09.26"]
[Round "9.3"]
[White "Persson, Richard"]
[Black "Rogoz, Vladyslav"]
[Result "0-1"]
[TimeControl "3 min + 2 sec/move"]
[WhiteTitle "CM"]
[WhiteElo "2106"]
[BlackElo "2108"]

1. e4 e6 2. d4 d5 3. Nc3 Bb4 4. e5 c5 5. a3 Bxc3+ 6.
bxc3 Ne7 7. Qg4 O-O 8. Nf3 f5 9.
Qg3 Nbc6 10. Bd3 Qa5 11. Bd2 c4 12. Be2 Qa4 13. Bd1 b5 14. h4 a5 15. O-O b4 16. h5 b3 17. Bc1 bxc2 18.
Be2 Rb8 19. h6 g6 20. Bg5 Rb3 21. Qh4 Rf7 22.
Bd2 Rxa3 23. Rac1 Ra2 24. Bg5 Qb3 25. Bf6 Rb2 26. Ng5 Rb1 27. Nxf7 Kxf7 28. Bg5 a4 29. Bd2 Ng8 30. g4 a3 31.
gxf5 exf5 32. e6+ Bxe6 33. Qf4 a2 34. Qc7+ Nce7 35. Qa7 Qb2 0-1

[Event "Blixt-SM 2025"]
[Site "Norrköping, Sweden"]
[Date "2025.09.26"]
[Round "10.9"]
[White "Tadjerbashi, Amir"]
[Black "Israelsson, Lukas"]
[Result "1-0"]
[TimeControl "3 min + 2 sec/move"]
[WhiteElo "2235"]
[BlackElo "1975"]

1. e4 e6 2. d4 d5 3.
Nd2 Nf6 4. e5 Nfd7 5. Bd3 c5 6. c3 Nc6 7. Ne2 cxd4 8. cxd4 f6 9. exf6 Nxf6 10. Nf3 Bd6 11. O-O Qc7 12. Nc3 a6 13. Bg5 O-O 14. Bh4 Bd7 15. Bg3 b5 16. Bxb5 Bxg3 17. Bxc6 Bxh2+ 18. Nxh2 Bxc6 19. Rc1 Qd6 20.
Re1 Ne4 21. Nxe4 dxe4 22. Ng4 Rad8 23. Ne5 Bb7 24. Qg4 Rf5 25. Red1 Rdf8 26. Nc4 Qd8 27. Rc2 e3 28. Nxe3 Bf3 29.
Qg3 Bxd1 30. Nxd1 Qxd4 31. Ne3 Rc5 32. Rxc5 Qxc5 33. Qg4 Qc1+ 34. Kh2 Qc7+ 35. Kg1 Qe5 36. Qc4 Qf6 37. Qc2 e5 38. g3 Qf3 39. Qc4+ Kh8 40. Qc3 Qxf2+ 41. Kh1 Qxg3 42. Qd2 Qh3+ 43. Kg1 h6 44. Ng2 Qf3 1-0

[Event "Blixt-SM 2025"]
[Site "Norrköping, Sweden"]
[Date "2025.09.26"]
[Round "1.4"]
[White "Sandberg, Lucas"]
[Black "Lilliehook, Victor"]
[Result "0-1"]
[TimeControl "3 min + 2 sec/move"]
[WhiteElo "2268"]
[BlackElo "2136"]

1. d3 d5 2. Nd2 c5 3. e4 e6 4. Ngf3 Nc6 5. g3 Nf6 6. Bg2 Be7 7. O-O b6 8. Re1 Bb7 9. e5 Nd7 10. Nf1 Qc7 11.
Bf4 O-O-O 12. c3 Rdg8 13. g4 g5 14. Bg3 h5 15.
h3 hxg4 16. hxg4 Kb8 17. a3 Ka8 18. b4 Rb8 19. d4 c4 20.
a4 Bc8 21. Ne3 Qd8 22. Nd2 Bb7 23. a5 bxa5 24. b5 Qc7 25. bxc6 Bxc6 26. Qf3 Rhf8 27. Ndxc4 a4 28. Nd6 Bxd6 29.
exd6 Qa5 30. c4 Nb6 31. Reb1 Rb7 32.
c5 Nd7 33. Rxb7 Bxb7 34. Qd1 Bc6 35. Qc1 Rb8 36. f3 f6 37. Be1 Qb5 38. Bf1 Qb3 39.
Ra3 Qb7 40. Bd3 e5 41. Nf5 exd4 42. Bg3 Qb4 43. Be1 Qxc5 44. Qxc5 Nxc5 45. Bc2 Rb2 46.
Bd1 Rb1 0-1

[Event "Blixt-SM 2025"]
[Site "Norrköping, Sweden"]
[Date "2025.09.26"]
[Round "4.6"]
[White "Dingertz, Erik"]
[Black "Sandberg, Lucas"]
[Result "0-1"]
[TimeControl "3 min + 2 sec/move"]
[WhiteElo "2112"]
[BlackElo "2268"]

1. d4 g6 2. c4 Bg7 3. Nc3 c5 4. Nf3 cxd4 5. Nxd4 Nc6 6. Nc2 Nf6 7. g3 O-O 8.
Bg2 d6 9. O-O Be6 10. Nd5 Rc8 11. Bg5 Bxd5 12. cxd5 Ne5 13. Rc1 Qb6 14. b3 h6 15. Bf4 Nfd7 16. Qd2 Kh7 17. Be3 Qa6 18.
Nb4 Qa5 19. Rfd1 Nc5 20. Bd4 Na6 21. Rxc8 Rxc8 22. Nxa6 Qxa6 23. Qb2 f6 24. h4 h5 25. Be4 b6 26. Kg2 Qb7 27. Be3 f5 28.
Bb1 Nc4 29. Qc1 Nxe3+ 30. Qxe3 Qd7 31. f3 Rc3 32. Rd3 Rc5 33.
g4 fxg4 34. f4 Qf5 35. Rd1 Qf7 36.
Rf1 Qxd5+ 37. Be4 Qd4 38. Qxd4 Bxd4 39. f5 gxf5 40. Bxf5+ Kg7 41. Bd3 e6 42. Kg3 Be5+ 43. Kg2 Bf6 44. Kg3 d5 45. e4 Rc3 46. Rd1 0-1

[Event "Blixt-SM 2025"]
[Site "Norrköping, Sweden"]
[Date "2025.09.26"]
[Round "6.2"]
[White "Carlsson, Ludvig"]
[Black "Olsson, Linus"]
[Result "1-0"]
[TimeControl "3 min + 2 sec/move"]
[WhiteTitle "IM"]
[BlackTitle "FM"]
[WhiteElo "2389"]
[BlackElo "2166"]

1. c4 g6 2. g3 Bg7 3. Bg2 c6 4. Nf3 Nf6 5. Nc3 O-O 6. O-O d5 7. cxd5 cxd5 8. d4 Ne4 9. Bf4 Nxc3 10. bxc3 Nc6 11. Ne5 Nxe5 12. Bxe5 Bxe5 13. dxe5 Be6 14.
Qd4 Qa5 15. Rfd1 Rfd8 16. Qb4 Qc7 17. Qd4 Qa5 18. Qb4 Qc7 19. f4 Rac8 20. Rd3 Qc5+ 21. Qxc5 Rxc5 22. e4 Rdc8 23. exd5 Bf5 24. Rd2 Rxc3 25. Rad1 b5 26. Kf2 b4 27. d6 exd6 28. exd6 Bd7 29. Re1 a5 30. Re7 Rd8 31. Bd5 Be6 32. Bxe6 fxe6 33. d7 Kf8 34. Rxh7 a4 35. Rd6 Rc7 36. Rxe6 Rdxd7 37. Rxd7 Rxd7 38. Rb6 Rd2+ 39. Kf3 Rxh2 40. Rxb4 Rxa2 41. Rb7 Rc2 42.
Ra7 Rc3+ 43. Kg4 a3 44.
Kh4 Rb3 45. g4 Rc3 46. Kg5 Rg3 47.
Kf6 Ke8 48. g5 Rf3 49. Ra8+ Kd7 50. Kxg6 Rxf4 51. Rxa3 Re4 52. Ra7+ Ke8 53. Kg7 Re6 54. g6 Kd8 55. Kh7 Re1 56.
g7 1-0

[Event "Blixt-SM 2025"]
[Site "Norrköping, Sweden"]
[Date "2025.09.26"]
[Round "7.8"]
[White "Karlsson, Stefan 2005"]
[Black "Lilliehook, Victor"]
[Result "1-0"]
[TimeControl "3 min + 2 sec/move"]
[WhiteElo "2112"]
[BlackElo "2136"]

1. d3 d5 2. Nf3 Nf6 3. g3 c5 4. Bg2 Nc6 5. O-O e5 6. e4 d4 7. Na3 Bg4 8. h3 Bh5 9. g4 Bg6 10. Nc4 Nd7 11. Nfxe5 Ndxe5 12. Nxe5 Nxe5 13. f4 Bd6 14. fxe5 Bxe5 15. Bf4 Qd6 16. Qd2 O-O-O 17. a4 f6 18. Bxe5 Qxe5 19. b4 h5 20.
g5 fxg5 21. bxc5 g4 22. h4 Qxc5 23. Rab1 Rhf8 24. Rxf8 Rxf8 25. Rb5 Qe7 26. e5 b6 27. a5 bxa5 28.
Qxa5 Qg5 29. hxg5 1-0

[Event "Blixt-SM 2025"]
[Site "Norrköping, Sweden"]
[Date "2025.09.26"]
[Round "9.4"]
[White "Berovski, Krum"]
[Black "Lindh, Fredrik"]
[Result "1/2-1/2"]
[TimeControl "3 min + 2 sec/move"]
[BlackTitle "FM"]
[WhiteElo "2344"]
[BlackElo "2249"]

1. d4 d5 2. c4 c6 3.
Nc3 Nf6 4. cxd5 cxd5 5. Bf4 Nc6 6. e3 a6 7. Rc1 Bg4 8. Be2 Bxe2 9. Ngxe2 e6 10. O-O Be7 11. h3 O-O 12. Na4 Nd7 13. Qb3 Na5 14. Qd3 Rc8 15. Rxc8 Qxc8 16. Rc1 Nc6 17. a3 b5 18.
Qc2 Na7 19. Nc5 Nxc5 20. dxc5 Nc6 21. Nd4 f6 22. Bd6 Re8 23.
Bxe7 Rxe7 24. b4 Nxd4 25. exd4 Qc6 26. f4 g6 27. Re1 Kf7 28. g4 a5 29. f5 axb4 30. axb4 exf5 31. Rxe7+ Kxe7
32. gxf5 Kf7 33. Qa2 Qd7 34. fxg6+ hxg6 35. Kh2 g5 36. Qa6 Qf5 37. Qxb5 Qf2+ 38. Kh1 Qf3+ 39. Kg1 Qg3+ 40. Kf1 Qxh3+ 41. Ke1 Qe3+ 42. Qe2 Qc3+ 43. Qd2 Qg3+ 44. Kd1 Qb3+ 45. Kc1 Qa3+ 46. Qb2 Qe3+ 47. Kb1 Qd3+ 48. Ka2 Qc4+ 49. Ka3 Qa6+ 50. Kb3 Qc4+ 51. Ka4 Qa6+ 52. Kb3 Qc4+ 53. Ka3 1/2-1/2

[Event "Blixt-SM 2025"]
[Site "Norrköping, Sweden"]
[Date "2025.09.26"]
[Round "10.10"]
[White "Sjoholm, Emil"]
[Black "Halvarsson, Peter"]
[Result "1-0"]
[TimeControl "3 min + 2 sec/move"]
[WhiteElo "2062"]
[BlackElo "1933"]

1. e4 c5 2. Nf3 g6 3.
d4 cxd4 4. Qxd4 Nf6 5. e5 Nc6 6. Qa4 Nd5 7. Qe4 Nb6 8. Nc3 Bg7 9. Bf4 O-O 10. O-O-O f6 11. Bg3 fxe5 12.
Nxe5 Nxe5 13. Bxe5 d6 14. Bxg7
Kxg7 15. f3 Bf5 16. Qd4+ Kg8 17. h4 Rc8 18. h5 e5 19. Qxd6 Qxd6 20. Rxd6 Rc5 21. g4 Nc8 22. Rd2 Be6 23. hxg6 hxg6 24. Ne4 Rc7 25. Rdh2 Rg7 26. Ng5 1-0

[Event "Blixt-SM 2025"]
[Site "Norrköping, Sweden"]
[Date "2025.09.26"]
[Round "1.5"]
[White "Nilsson, Oliver"]
[Black "Religa, Marek"]
[Result "0-1"]
[TimeControl "3 min + 2 sec/move"]
[WhiteElo "2078"]
[BlackElo "2207"]

1. d4 g6 2. c4 Bg7 3.
Nf3 d6 4. Nc3 Nf6 5. e4 O-O 6. Be2 e5 7. O-O exd4 8. Nxd4 Re8 9. Kh1 Nxe4 10.
Nxe4 Rxe4 11. Bf3 Rxd4 12. Qe2 Be6 13. b3 Nc6 14. Bb2 Rf4 15.
Bxg7 Kxg7 16. g3 Nd4 17. Qb2 Rxf3 18. Qxd4+ Qf6 19. Qe4 Bh3 20. Rfe1 Rxf2 21. Rg1 Qb2 22. Raf1 Rxh2# 0-1

[ePGN "0.1;DGT LiveChess/2.2.7"]

[Event "Blixt-SM 2025"]
[Site "Norrköping, Sweden"]
[Date "2025.09.26"]
[Round "3.1"]
[White "Sjoholm, Emil"]
[Black "Seo, Jung Min"]
[Result "0-1"]
[TimeControl "3 min + 2 sec/move"]
[BlackTitle "IM"]
[WhiteElo "2062"]
[BlackElo "2480"]

1. e4 c6 2. d4 d5 3. Nc3 dxe4 4. Nxe4 Nf6 5. Nxf6+ exf6 6. c3 Bd6 7. Bd3 Nd7 8. Ne2 Nf8 9. Qc2 Be6 10. Be3 Qc7 11. h3 Ng6 12.
g3 Ne7 13. O-O-O Nd5 14. Kb1 Nxe3 15. fxe3 g6 16. Nf4 Bxf4 17. gxf4 f5 18. h4 h5 19. e4 fxe4 20. Bxe4 Qxf4 21. Rdf1 Qd6 22. Rf6 O-O-O 23. Rhf1 Rhe8 24. Bd3 Qe7 25. Qa4 Kb8 26. R6f4 f5 27. Rg1 Bf7 28. Qc2 Qd6 29. Rf2 Re3 30. Re2 Rde8 31. Rxe3 Rxe3 32. Qd2 Re8 33. Re1 Rxe1+ 34. Qxe1 Kc8 35. b3 Kd7 36.
Kc2 Qh2+ 37. Be2 Bd5 38. Kd1 Qf4 39. Qd2 0-1

[Event "Blixt-SM 2025"]
[Site "Norrköping, Sweden"]
[Date "2025.09.26"]
[Round "4.7"]
[White "Carlsson, Ludvig"]
[Black "Angskog, Kent"]
[Result "1-0"]
[TimeControl "3 min + 2 sec/move"]
[WhiteTitle "IM"]
[WhiteElo "2389"]
[BlackElo "2118"]

1. e4 g6 2. d4 Bg7 3.
Nf3 c5 4. d5 d6 5. Nc3 Nf6 6. Bb5+ Bd7 7.
a4 O-O 8. h3 a6 9. Bc4 e5 10. g4 Ne8 11. Rg1 Nc7 12. Qe2 Qe8 13. h4 Kh8 14. h5 b5 15. axb5 axb5 16. Rxa8 bxc4 17.
Ra3 Nb5 18. Nxb5 Bxb5 19. hxg6 c3 20. Qe3 cxb2 21. Bxb2 fxg6 22. Ng5 Qe7 23. Rh1 h6 24. Ne6 Rf4 25. Ra8 Qb7 26. Rxb8+ Qxb8 27. Nxg7 Kxg7 28. Qxf4 1-0

[Event "Blixt-SM 2025"]
[Site "Norrköping, Sweden"]
[Date "2025.09.26"]
[Round "6.3"]
[White "Johnson, Daniel"]
[Black "Karlsson, Stefan 2005"]
[Result "1-0"]
[TimeControl "3 min + 2 sec/move"]
[WhiteElo "2177"]
[BlackElo "2112"]

1. d4 Nf6 2. c4 g6 3. f3 Bg7 4.
e4 d6 5.
Nc3 e5 6. dxe5 dxe5 7. Qxd8+
Kxd8 8. Bg5 c6 9. O-O-O+ Kc7 10. h4 Be6 11. Nh3 Na6 12. Be3 h6 13. g4 Nd7 14. Nf2 f5 15. gxf5 gxf5 16. Bh3 Raf8 17. Rhg1 Rh7 18. Rg6 Rf6 19. Rxf6 Bxf6 20. Bxf5 Bxf5 21. exf5 Bxh4 22. Nfe4 Nf6 23. Rh1 Nxe4 24. Nxe4 Be7 25.
f6 Bf8 26. Ng5 Rh8 27. Nf7 Rg8 28. Nxe5 Nb4 29. a3 Na6 30. f7 Rg2 31. Bxh6 Bxh6+ 32. Rxh6 Nc5 33. f8=Q Nb3+ 34. Kd1 Rd2+ 35. Ke1 1-0

[Event "Blixt-SM 2025"]
[Site "Norrköping, Sweden"]
[Date "2025.09.26"]
[Round "7.9"]
[White "Bjorklund, Thomas"]
[Black "Bjorklund, Martin"]
[Result "1-0"]
[TimeControl "3 min + 2 sec/move"]
[WhiteElo "2103"]
[BlackElo "1947"]

1. e4 c5 2. c3 Nf6 3. e5 Nd5 4. d4 cxd4 5. cxd4 d6 6.
exd6 Qxd6 7. Nc3 a6 8. Nf3 Nc6 9. Bc4 Nb6 10. Bb3 Bg4 11. Be3 e6 12. O-O Rd8 13.
h3 Bh5 14. Re1 Be7 15. Ne4 Qd7 16. Ng3 Bxf3 17. Qxf3 Nd5 18. Rad1 O-O 19. Nh5 Nxe3 20. fxe3 Kh8 21. Qg4 g6 22.
Ng3 Bf6 23. Rf1 Bg7 24. Qf3 Ne7 25. Ne4 Nd5 26. Nc5 Qc6 27. Bxd5 exd5 28. Rc1 Qb5 29. b3 b6 30. Na4 Rde8 31. Rc2 Bh6 32. Re1 Qd3 33. Rce2 b5 34. Nb2 Qe4 35.
Nd1 Re7 36. Nc3 Qxf3 37. gxf3 Rfe8 38. Nxd5 Rd7 39. e4 Kg7 40.
Kg2 Rc8 41. Rd1 f5 42. Nb6 1-0

[Event "Blixt-SM 2025"]
[Site "Norrköping, Sweden"]
[Date "2025.09.26"]
[Round "9.5"]
[White "Religa, Marek"]
[Black "Bjorklund, Thomas"]
[Result "1-0"]
[TimeControl "3 min + 2 sec/move"]
[WhiteElo "2207"]
[BlackElo "2103"]

1. e4 c5 2. c4 Nc6 3. Nc3 Nf6 4. g3 d6 5. Bg2 g6 6. Nge2 Bg7 7. a3 O-O 8. Rb1 Rb8 9. b4 cxb4 10. axb4 a6 11. b5 axb5 12. cxb5 Ne5 13. d4 Ned7 14. O-O e5 15.
Ba3 exd4 16. Qxd4 Ne8 17. Qb4 Nc5 18. Rfd1 b6 19. Nd5 Be6 20. Nef4 Be5 21. Bb2 Bxd5 22. Nxd5 Nf6 23. Ne3 Bxb2 24.
Rxb2 Qe7 25. f3 Ra8 26. Rbd2 Ra4 27.
Qb2 Rfa8 28. Rxd6 Ra2 29. Qxf6 Qxf6 30. Rxf6 Re2 31. Nd5 Raa2 32. Nf4 Reb2 33. h4 Ne6 34. Bh3 Nxf4 35. Rxf4 Rxb5 36. Rf6 Rbb2 37. e5 Kg7 38. Rfd6 b5 39. Rd7 Kf8 40. Rd8+ Kg7 41. R8d7 Kf8 42. e6 fxe6 43. Rxh7 Ke8 44. Re1 Re2 45. Rxe2 Rxe2 46. Bf1 Re3 47. Kf2 Rb3 48. Rb7 b4 49. Bc4 Rb2+ 50. Ke3 e5 51. Bf7+ Kd8 52. Bxg6 Kc8 53. Rb5 Kc7 54. h5 Kd6 55. h6 Rh2 56. h7 Rh6 57. Rxb4 Kc5 58. Rb8 e4 59. Bxe4 Kd6 60. Rb6+ Ke5 61. f4# 1-0

[ePGN "0.1;DGT LiveChess/2.2.7"]

[Event "Blixt-SM 2025"]
[Site "Norrköping, Sweden"]
[Date "2025.09.26"]
[Round "11.1"]
[White "Grahn, Vidar"]
[Black "Seo, Jung Min"]
[Result "0-1"]
[TimeControl "3 min + 2 sec/move"]
[WhiteTitle "FM"]
[BlackTitle "IM"]
[WhiteElo "2236"]
[BlackElo "2480"]

1. d4 d5 2. c4 c6 3. Nf3 Nf6 4. g3 e6 5. Bg2 Nbd7 6. O-O Be7 7.
Nc3 dxc4 8. e4 O-O 9.
Qe2 b5 10. Bf4 a5 11. Rad1 b4 12. Nb1 Ba6 13. Rfe1 c3 14. Qc2 cxb2 15. Qxb2 Qb6 16. d5 cxd5 17. exd5 Bc5 18. dxe6 fxe6 19. Ng5 Rae8 20. Qc2 h6 21. Ne4 Nxe4 22. Bxe4 Nf6 23. Bg6 Ng4 24. Bxe8 Nxf2 25. Bh5 Nxd1+ 26. Kg2 Ne3+ 27. Bxe3 Bxe3 28. Bf3 Bd4 29. Qe4 e5 30. Nd2 Bc3 31. Nc4 Qd4 32.
Nxe5 Qxe4 33. Rxe4 Bb7 34. Re3 Bxf3+ 35. Nxf3 Rd8 36. Re7 Bf6 37. Ra7 Rd5 38. Kf2 Rc5 39. Ke3 Rc3+ 40. Ke4 Ra3 41. Nd2 Rxa2 42. Nc4 Rxh2 43. Nxa5 Ra2 0-1

[Event "Blixt-SM 2025"]
[Site "Norrköping, Sweden"]
[Date "2025.09.26"]
[Round "1.6"]
[White "Johnson, Daniel"]
[Black "Stenman, Christoffer"]
[Result "1-0"]
[TimeControl "3 min + 2 sec/move"]
[WhiteElo "2177"]
[BlackElo "2004"]

1. d4 d5 2. Bf4 Nf6 3. e3 c5 4. Nc3 cxd4 5. exd4 a6 6. Nf3 e6 7. Ne5 Be7 8. a3 Nc6 9. g3 O-O 10. Bg2 Qb6 11. Nxc6 bxc6 12. Rb1 a5 13. O-O Ba6 14.
Re1 Rac8 15. b4 axb4 16. axb4 Bc4 17. Na4 Qa7 18. Nc5 g6 19. Qd2 Nh5 20. Bh6 Rfd8 21. Bf3 Nf6 22. Bg5 Ne8 23.
Ra1 Qc7 24. h4 Nd6 25. Bf4 Qb6 26. h5 Nb5 27. Ra6 Bxc5 28. Rxb6 Bxb6 29. Be5 Nd6 30. hxg6 fxg6 31. Qh6 Rd7 32.
Qg5 Nf5 33. Qf6 Rg7 34. Qxe6+ Rf7 35. Qxc8+ Rf8 36. Qe6+ Rf7 37. c3 Bd8 38. Qxc6 Bg5 39. Bxd5 Bxd5 40. Qxd5 Ne7 41. Qe6 Kf8 1-0

[Event "Blixt-SM 2025"]
[Site "Norrköping, Sweden"]
[Date "2025.09.26"]
[Round "3.2"]
[White "Karlsson, Stefan 2005"]
[Black "Religa, Marek"]
[Result "0-1"]
[TimeControl "3 min + 2 sec/move"]
[WhiteElo "2112"]
[BlackElo "2207"]

1. d3 g6 2. g3 Bg7 3. Bg2 d6 4. e4 c5 5.
Nd2 Nc6 6. Nh3 Bd7 7. f3 h5 8. O-O b5 9. f4 Nf6 10. Nf2 Ng4 11. Nf3 Nd4 12. c3 Nxf3+ 13. Bxf3 Qc8 14. Nxg4 hxg4 15.
Bg2 b4 16. Bd2 Qa6 17. Qe2 Bb5 18. c4 Bd7 19. e5 Rd8 20. a3 dxe5 21. axb4 Qe6 22. Rxa7 exf4 23. Qxe6 Bxe6 24. Bc6+ Kf8 25. Bxf4 cxb4 26. Rb7 Bxb2 27. Rxb4 Bc3 28. Rb3 Bf6 29. Rd1 Bxc4 30. Rb8 Rxb8 31. Bxb8 Be6 32. d4 Kg7 33. d5 Bf5 34. Bf4 Be4 35. Re1 Bf3 36. Be3 Rb8 0-1

[Event "Blixt-SM 2025"]
[Site "Norrköping, Sweden"]
[Date "2025.09.26"]
[Round "4.8"]
[White "Olsson, Simon"]
[Black "Johnson, Daniel"]
[Result "0-1"]
[TimeControl "3 min + 2 sec/move"]
[WhiteElo "2068"]
[BlackElo "2177"]

1. d4 Nf6 2. c4 e6 3.
Nc3 d5 4. cxd5 exd5 5. Bg5 c6 6.
e3 h6 7. Bh4 Be7 8. Bd3 O-O 9.
Qc2 Re8 10. Nge2 Nbd7 11. h3 a5 12.
g4 b5 13. g5 Nh5 14. Ng3 Nxg3 15. Bxg3 Bxg5 16. O-O-O Nb6 17.
h4 Bf6 18. Rdg1 Ba6 19. Bf4 Kf8 20. Bf5 Nc4 21. Bg4 Kg8 22. Bf5 Kh8 23. Qe2 Nd6 24. Bd3 b4 25. Bxa6 bxc3 26. bxc3 Ne4 27. Kc2 a4 28. f3 Nxc3 29. Kxc3 Qa5+ 30. Kb2 Bxd4+ 0-1

[Event "Blixt-SM 2025"]
[Site "Norrköping, Sweden"]
[Date "2025.09.26"]
[Round "6.4"]
[White "Persson, Richard"]
[Black "Nygren, Kim"]
[Result "1-0"]
[TimeControl "3 min + 2 sec/move"]
[WhiteTitle "CM"]
[BlackTitle "CM"]
[WhiteElo "2106"]
[BlackElo "2173"]

1. e4 c5 2. Nf3 d6 3.
d4 cxd4 4. Nxd4 Nf6 5. Nc3 a6 6. h3 g6 7. g4 Bg7 8. Bg2 e5 9.
Nde2 Nc6 10. Be3 O-O 11. Qd2 Re8 12. O-O-O Be6 13. Qxd6 Qc8 14. Nd5 Nxd5 15. exd5 Bf8 16. dxc6 Bxd6 17.
cxb7 Qc4 18. bxa8=Q Rxa8 19. Bxa8 Bb4 20. Nc3 Qc8 21. Bg5 Kg7 22. Bd5 Bxc3 23. bxc3 Qxc3 24. Bxe6 Qa1+ 25.
Kd2 Qd4+ 26. Ke2 Qe4+ 27. Be3 fxe6 28. Rc1 Qc4+ 29. Kd2 Qd5+ 30. Ke2 Qc4+ 31. Kf3 Qd5+ 32.
Kg3 Qxa2 33. c4 h5 34. gxh5 gxh5 35. h4 Qe2 36. Rhg1 Kf6 37. Kh3 Qd3 38. c5 Qf5+ 39. Kg2 Qg4+ 40. Kf1 Qh3+ 41. Ke1 Kf5 42. c6 Qh2 43. Rf1 Qg2 44. c7 Qd5 45. c8=Q Kg4 46. Qc4+ 1-0

[Event "Blixt-SM 2025"]
[Site "Norrköping, Sweden"]
[Date "2025.09.26"]
[Round "7.10"]
[White "Dahlstedt, Frans"]
[Black "Rogoz, Vladyslav"]
[Result "0-1"]
[TimeControl "3 min + 2 sec/move"]
[WhiteElo "1900"]
[BlackElo "2108"]

1. c4 e6 2. g3 f5 3. Nc3 Nf6 4. Bg2 Bb4 5. e3 O-O 6. Nge2 d6 7. O-O Bxc3 8. Nxc3 Nbd7 9. d4 Re8 10.
Qc2 Nf8 11. b3 e5 12. dxe5 dxe5 13. Bb2 e4 14. Rad1 Qe7 15. Nd5 Nxd5 16. Rxd5 Be6 17. Rd2 Rad8 18. Rfd1 Bf7 19. Qc3 Ne6 20.
Bh3 Bh5 21. Rxd8 Rxd8 22. Rxd8+ Qxd8 23. Qc1 g6 24. Bf1 c5 25. Qc3 Kf7 26. b4 b6 27. bxc5 bxc5 28. Qb3 Bf3 29. Qb7+ Qc7 30. Qd5 Ke7 31. Be5 Qd7 32. Qxd7+ Kxd7 33. Bg2 Be2 34.
Bf1 Bf3 35. Bg2 Bd1 36. Bf1 Nd8 37.
Kg2 Nc6 38. Bc3 Nb4 39. a3 Nc2 40. a4 Na3 41. Kg1 Bxa4 42.
Be2 Bb3 43. Kf1 Bxc4 44. Bxc4 Nxc4 45. Ke1 Kc6 46. Kd1 Kb5 47. Kc2 Nd6 48. Be5 Nc4 49. Bf6 a5 50. Kb3 a4+ 51. Ka2 Kb4 52. h4 Nd2 53. Bd8 0-1

[Event "Blixt-SM 2025"]
[Site "Norrköping, Sweden"]
[Date "2025.09.26"]
[Round "9.6"]
[White "Tadjerbashi, Amir"]
[Black "Johnson, Daniel"]
[Result "0-1"]
[TimeControl "3 min + 2 sec/move"]
[WhiteElo "2235"]
[BlackElo "2177"]

1. e4 e5 2. Nf3 Nc6 3.
d4 exd4 4. Bc4 Nf6 5. e5 d5 6. Bb5 Ne4 7. Nxd4 Bc5 8. Be3 O-O 9. Nxc6 bxc6 10.
Bxc5 Nxc5 11. Bxc6 Rb8 12. Qxd5 Qe7 13. O-O Ba6 14. Re1 Rxb2 15. Qd2 Rd8 16. Qc3 Rb6 17. Bf3 Ne6 18. Nd2 Nd4 19. Bd1 Rc6 20. Qb2 Rb6 21.
Qc3 Bb7 22. Nb3 Nf5 23. Bg4 Nh4 24.
g3 Rg6 25. Be2 Qe6 26. Rad1 Re8 27. Na5 Ba8 28. f4 h5 29. Qe3 Nf5 30. Qf2 Nh6 31. Bf3 Bxf3 32. Qxf3 Qb6+ 33. Kg2 Qxa5 34. Qxh5 Qxa2 35. Qe2 Qa4 36. Rd3 Qxf4 37. Kh1 Qc4 38.
Red1 Qc6+ 39. Kg1 Ng4 40. Rd4 Nxe5 41. Qg2 Nf3+ 42. Kh1 Nxd4 43. Rxd4 Re1# 0-1

[Event "Blixt-SM 2025"]
[Site "Norrköping, Sweden"]
[Date "2025.09.26"]
[Round "11.2"]
[White "Carlsson, Ludvig"]
[Black "Johnson, Daniel"]
[Result "0-1"]
[TimeControl "3 min + 2 sec/move"]
[WhiteTitle "IM"]
[WhiteElo "2389"]
[BlackElo "2177"]

1. b3 d5 2. Bb2 Nf6 3. e3 c6 4. c4 h6 5. Nf3 Bf5 6.
Nc3 e6 7. Be2 Be7 8. Rc1 Bh7 9. h3 Nbd7 10. d3 a5 11. a3 O-O 12. g4 dxc4 13. bxc4 Nc5 14. Nd4 Nfd7 15. f4 Bh4+ 16. Kf1 Be7 17. Kg2 e5 18.
Nf3 exf4 19. exf4 Bd6 20. f5 Re8 21. Re1 Bb8 22. d4 Qc7 23. Ng1 Qh2+ 24. Kf1 Bg3 0-1

[Event "Blixt-SM 2025"]
[Site "Norrköping, Sweden"]
[Date "2025.09.26"]
[Round "1.7"]
[White "Dingertz, Gustav"]
[Black "Lindh, Fredrik"]
[Result "0-1"]
[TimeControl "3 min + 2 sec/move"]
[BlackTitle "FM"]
[WhiteElo "2011"]
[BlackElo "2249"]

1. e4 c5 2. Nf3 e6 3. c3 d5 4. exd5 Qxd5 5. d4 cxd4 6.
cxd4 Nc6 7. Nc3 Qa5 8.
Be2 Nf6 9. O-O Be7 10. Re1 O-O 11. Bc4 Rd8 12. Be3 Bd7 13. a3 Rac8 14. Ba2 a6 15. Qd3 Be8 16. h3 Qh5 17. Qe2 b5 18.
Rac1 Bf8 19. Bb1 Na5 20. Bg5 Be7 21. Rcd1 Nc4 22. Bd3 h6 23. Bc1 Nxa3 24. bxa3 Rxc3 25. Bb2 Rcc8 26. Qd2 Nd5 27.
Ne5 Bg5 28. Qa5 Nf4 0-1

[Event "Blixt-SM 2025"]
[Site "Norrköping, Sweden"]
[Date "2025.09.26"]
[Round "3.3"]
[White "Johnson, Daniel"]
[Black "Muntean, Victor"]
[Result "0-1"]
[TimeControl "3 min + 2 sec/move"]
[WhiteElo "2177"]
[BlackElo "2151"]

1. e4 e5 2. Nc3 Nf6 3.
Bc4 Bc5 4. d3 c6 5. f4 d5 6.
exd5 cxd5 7. Bb5+ Nc6 8. fxe5 Qb6 9. Nf3 Ng4 10. d4 Bb4 11. Qd3 f6 12. Bd2 Bxc3 13. Bxc3 fxe5 14. Nxe5 O-O 15. O-O-O Ncxe5 16. dxe5 Be6 17.
Bd4 Qa5 18. a4 a6 19. Bc3 Qc7 20. h3 Nf2 21. Qg3 axb5 22. Rhf1 Nxd1 23. Rxd1 Rxa4 24.
b3 Raf4 25. Kb2 Rf2 26. Bd2 R8f5 27. Kb1 Qxe5 28. Qd3 Qe2 29. Bc3 Qxd3 30. Rxd3 Rxg2 0-1

[Event "Blixt-SM 2025"]
[Site "Norrköping, Sweden"]
[Date "2025.09.26"]
[Round "6.5"]
[White "Berovski, Krum"]
[Black "Thyberg, Andre"]
[Result "1-0"]
[TimeControl "3 min + 2 sec/move"]
[WhiteElo "2344"]
[BlackElo "2023"]

1. d4 Nf6 2. c4 c5 3. d5 b5 4. cxb5 a6 5. bxa6 Bxa6 6. Nc3 g6 7. g3 Bg7 8. Bg2 d6 9. Nh3 Nbd7 10. O-O O-O 11.
Qc2 Ng4 12. Nf4 Nge5 13. b3 Qc7 14. Bd2 Rfb8 15. Rab1 Ra7 16. a4 Rab7 17. Na2 Nf6 18. Bc3 Ned7 19. h4 h5 20. Rfe1 Ng4 21. Bxg7 Kxg7 22. b4 cxb4 23.
Qxc7 Rxc7 24. Rxb4 Rxb4 25. Nxb4 Bb7 26. a5 Nc5 27. Rc1 Ne5 28. Bf1 Na6 29. Rxc7 Nxc7 30.
e4 Nf3+ 31. Kg2 Nd4 32. a6 Ba8 33.
Bc4 Kf6 34. Nfd3 e6 35. Kf1 exd5 36.
Nxd5+ Nxd5 37. Bxd5 Bxd5 38. exd5 Nb5 39. Kg2 Ke7 40. Kf3 Kd7 41. Kf4 f6 42. f3 Kc7 43. g4 Nc3 44. Nb4 Kb6 45. gxh5 gxh5 46. Kf5 Nb5 47. Kxf6 Kc5 48. Nc6 Kxd5 49. a7 Nxa7 50. Nxa7 Kd4 51. Kg5 Ke3 52. f4 d5 53. Nb5 Ke4 54. f5 Ke5 55. f6 Ke6 56. Kg6 1-0

[ePGN "0.1;DGT LiveChess/2.2.7"]